 Dungeon Crawl Stone Soup version 0.31-a0-818-ge7c7cf74f0 (webtiles) character file.

Game seed: 11675328195875959246

51814 Monkooky the Grappler (level 14, -55/109 HPs)
             Began as a Gnoll Shapeshifter on Sept 23, 2023.
             Was a Priest of Ashenzari.
             Annihilated by a titanic slime creature (98 damage)
             ... on level 11 of the Dungeon.
             The game lasted 00:42:03 (18221 turns).

Monkooky the Grappler (Gnoll Shapeshifter)         Turns: 18221, Time: 00:42:03

Health: -55/109    AC:  5    Str: 18    XL:     14   Next: 61%
Magic:  15/27      EV: 16    Int: 11    God:    Ashenzari [***...]
Gold:   1451       SH:  0    Dex: 11    Spells: 13/32 levels left

rFire   + . .        a - +2 lajatang (venom)
rCold   x . .        (shield currently unavailable)
rNeg    . . .        j - melded +0 chain mail of the Revealing Planets {Elem, Self} (curse)
rPois   .            O - +0 helmet of the Eternal Seer {Comp, Fort} (curse)
rElec   .            N - +2 cloak {rCorr}
rCorr   +            (no gloves)
SInv    +            (no boots)
Will    +....        m - amulet "Seer of Ashenzari" {Faith, Elem, Dev} (curse)
Stlth   ++++         z - ring "Burden of Ashenzari" {Slay+4, Dev, Melee} (curse)
HPRegen 0.38/turn    w - ring "Distant Negation" {Fire, Comp, Melee} (curse)
MPRegen 0.20/turn

%: clarity, faith
@: maw-form
A: devouring maw, fangs 1, strong nose, distributed training
a: Begin Untransformation, Renounce Religion, Curse Item, Shatter the Chains


You were on level 11 of the Dungeon.
You worshipped Ashenzari.
Ashenzari was most pleased with you.
You were a creature with a mouth for a stomach.
You visited 3 branches of the dungeon, and saw 17 of its levels.
You also visited: Volcano.

You collected 1990 gold pieces.
You spent 539 gold pieces at shops.

Inventory:

Hand Weapons
 a - a +2 lajatang of venom (weapon)
Missiles
 g - 2 curare-tipped darts
Armour
 j - the cursed +0 chain mail of the Revealing Planets (melded) {Elem, Self}
   (You found it on level 1 of the Dungeon)

   It has a curse which improves the following skills: Elements: Fire Magic, Ice
   Magic, Air Magic and Earth Magic.
   Introspection: Fighting and Spellcasting.
 v - an orb of energy
 N - a +2 cloak of preservation (worn)
 O - the cursed +0 helmet of the Eternal Seer (worn) {Comp, Fort}
   (You bought it in a shop on level 10 of the Dungeon)

   It has a curse which improves the following skills: Companions: Summonings
   and Necromancy.
   Fortitude: Armour and Shields.
 X - a +3 ring mail of fire resistance
 Z - a +0 helmet
Jewellery
 m - the cursed amulet "Seer of Ashenzari" (around neck) {Faith, Elem, Dev}
   (You found it on level 2 of the Dungeon)

   [amulet of faith]

   Faith:     It allows you to gain divine favour quickly.
   It has a curse which improves the following skills: Elements: Fire Magic, Ice
   Magic, Air Magic and Earth Magic.
   Devices:   Evocations and Shapeshifting.
 w - the cursed ring "Distant Negation" (right hand) {Fire, Comp, Melee}
   (You found it on level 3 of the Lair of Beasts)

   [ring of fire]

   Fire:      It enhances your fire magic.
   rF+:       It protects you from fire.
   rC-:       It makes you vulnerable to cold.
   It has a curse which improves the following skills: Companions: Summonings
   and Necromancy.
   Melee Combat: Short Blades, Long Blades, Axes, Maces & Flails, Polearms,
   Staves and Unarmed Combat.
 z - the cursed ring "Burden of Ashenzari" (left hand) {Slay+4, Dev, Melee}
   (You found it on level 4 of the Dungeon)

   [ring of slaying]

   Slay+4:    It affects your accuracy & damage with ranged weapons and melee
   (+4).
   It has a curse which improves the following skills: Devices: Evocations and
   Shapeshifting.
   Melee Combat: Short Blades, Long Blades, Axes, Maces & Flails, Polearms,
   Staves and Unarmed Combat.
 E - an amulet of reflection
 Y - an amulet of guardian spirit
Talismans
 c - a beast talisman
 d - a flux talisman
 r - a serpent talisman
 U - a maw talisman (active)
Wands
 x - a wand of polymorph (8)
 G - a wand of flame (21)
 I - a wand of digging (4)
 L - a wand of mindburst (14)
 R - a wand of charming (6)
 S - a wand of iceblast (11)
 T - a wand of acid (16)
Scrolls
 e - a scroll of amnesia
 f - 5 scrolls of revelation
 l - 2 scrolls of fear
 n - a scroll of blinking
 o - 2 scrolls of silence
 q - 2 scrolls of torment
 s - 5 scrolls of teleportation
 t - 6 scrolls of fog
 y - 4 scrolls of vulnerability
 A - 5 scrolls of noise
 B - a scroll of poison
 H - a scroll of acquirement
 Q - a scroll of summoning
Potions
 b - 3 potions of lignification
 h - 5 potions of attraction
 i - 4 potions of heal wounds
 k - 6 potions of curing
 p - 3 potions of haste
 u - 2 potions of mutation
 D - 5 potions of magic
 F - a potion of enlightenment
 J - a potion of resistance
 K - 2 potions of brilliance
 M - 3 potions of ambrosia
 P - 2 potions of might
 W - a potion of cancellation
Miscellaneous
 C - a box of beasts
 V - a phial of floods


   Skills:
 + Level 9.9 Fighting
 + Level 9.5(11.8) Short Blades
 + Level 9.5(11.8) Long Blades
 + Level 9.5(11.8) Axes
 + Level 9.5(11.8) Maces & Flails
 + Level 9.5(11.8) Polearms
 + Level 9.5(11.8) Staves
 + Level 9.5 Ranged Weapons
 + Level 9.5 Throwing
 + Level 9.5(11.0) Armour
 + Level 10.6 Dodging
 + Level 9.5 Stealth
 + Level 9.5(11.0) Shields
 + Level 11.5(13.7) Unarmed Combat
 + Level 9.5 Spellcasting
 + Level 8.0 Conjurations
 + Level 8.0 Hexes
 + Level 8.0(10.2) Summonings
 + Level 8.0(10.2) Necromancy
 + Level 8.0 Translocations
 + Level 8.0 Transmutations
 + Level 8.0(9.5) Fire Magic
 + Level 8.0(9.5) Ice Magic
 + Level 8.0(9.5) Air Magic
 + Level 8.0(9.5) Earth Magic
 + Level 8.0 Poison Magic
 + Level 10.4 Invocations
 + Level 9.5(11.8) Evocations
 + Level 10.9(13.1) Shapeshifting


You had 13 spell levels left.
You knew the following spells:

 Your Spells              Type           Power      Damage    Failure   Level
a - Passage of Golubria   Tloc           22%        N/A       4%          4
b - Olgreb's Toxic Radia  Pois           22%        N/A       4%          4
c - Mephitic Cloud        Conj/Pois/Air  23%        N/A       1%          3
d - Yara's Violent Unrav  Hex/Tmut       11%        3d6       14%         5
e - Ignite Poison         Fire/Tmut/Pois 35%        N/A       1%          3

Your spell library contained the following spells:

 Spells                   Type           Power      Damage    Failure   Level
 Magic Dart               Conj           88%        1d7       1%          1
 Necrotise                Necr           100%       1d9       1%          1
 Sting                    Tmut/Pois      88%        1d7       1%          1
 Call Imp                 Summ           54%        N/A       1%          2
 Poisonous Vapours        Pois/Air       48%        N/A       1%          2
 Frozen Ramparts          Ice            52%        1d8       1%          3
 Summon Guardian Golem    Hex/Summ       25%        N/A       1%          3
 Tukima's Dance           Hex            22%        N/A       1%          3
 Vampiric Draining        Necr           27%        2d7       1%          3
 Animate Armour           Summ/Erth      54%        N/A       2%          4
 Summon Ice Beast         Ice/Summ       27%        N/A       2%          4
 Summon Lightning Spire   Summ/Air       27%        N/A       2%          4
 Petrify                  Tmut/Erth      24%        N/A       3%          4
 Sticky Flame             Conj/Fire      36%        2d6       3%          4
 Agony                    Necr           27%        N/A       5%          5
 Lee's Rapid Deconstruct  Erth           13%        3d9*      8%          5
 Summon Mana Viper        Hex/Summ       25%        N/A       9%          5
 Metabolic Englaciation   Hex/Ice        12%        N/A       11%         5
 Simulacrum               Ice/Necr       13%        N/A       34%         6
 Monstrous Menagerie      Summ           13%        N/A       86%         7
 Ozocubu's Refrigeration  Ice            13%        4d10      92%         7
 Spellforged Servitor     Conj/Summ      12%        N/A       95%         7
 Orb of Destruction       Conj           11%        9d6       99%         7
 Ignition                 Fire           19%        3d7       100%        8
 Polar Vortex             Ice            13%        12d1*     100%        9


Dungeon Overview and Level Annotations

Branches:
Dungeon (11/15)            Temple (0/1) D:4            Lair (5/5) D:9
  Swamp (0/4) Lair:2        Snake (1/4) Lair:3        Slime (0/5) Lair:4
Volcano (visited)
    Orc: D:9-12

Altars:
Ashenzari
Cheibriados
Dithmenos
Fedhas
Hepliaklqana
Makhleb
Okawaru
Qazlal
Ru
Trog
Zin
Jiyva

Shops:
D:2 !   D:3 ?   D:6 :   D:10 ?[:

Annotations:
D:5 2 transporters, bahustanut's ghost, novice OpSh
D:8 1 runed translucent door
D:11 4 runed translucent doors
Lair:2 exclusion: sensed monster (detected)


Innate Abilities, Weirdness & Mutations

You are a creature with a mouth for a stomach.
Your midsection houses a second, enormous mouth.
You have very sharp teeth.
Your uncanny sense of smell can sniff out nearby items.
Your experience applies equally to all skills.


Message History

The slime creature attacks as it pursues you!
The slime creature hits you but does no damage.
You see here a +0 orcbow.
You barely miss the slime creature. You bite the slime creature!
The slime creature is lightly wounded.
The slime creature hits you!
A very large slime creature splits.
The shadow slips into darkness.
The shadow flickers and vanishes for a moment.
The slime creature hits you!
Okay, then.
Okay, then.
Two slime creatures merge to form a very large slime creature.
Two slime creatures merge to form a large slime creature.
Casting: Olgreb's Toxic Radiance (dangerous; 4% risk of failure)
Confirm with . or Enter, or press ? or * to list all spells.
You don't know that spell.
Casting: Olgreb's Toxic Radiance (dangerous; 4% risk of failure)
Confirm with . or Enter, or press ? or * to list all spells.
Aiming: Yara's Violent Unravelling (dangerous; 14% risk of failure)
Press: ? - help, Dir - move target, f - shadow
Aim: a shadow (slightly transparent)
Okay, then.
Casting: Yara's Violent Unravelling (dangerous; 14% risk of failure)
Confirm with . or Enter, or press ? or * to list all spells.
Aiming: Passage of Golubria (dangerous; 4% risk of failure)
Press: ? - help, Dir - move target Two slime creatures merge to form a titanic slime creature.
The slime creature hits you!
Unknown command.
The titanic slime creature attacks as it pursues you!
The titanic slime creature misses you.
The yak enters the passage of Golubria.
The yak looks more healthy.
The yak closely misses you.
The yak looks more healthy.
The yak attacks as it pursues you! The yak closely misses you.
The titanic slime creature attacks as it pursues you!
The titanic slime creature hits you!!!!
Ouch! That really hurt!
You die...

#.......# #.......# ∆
#.......# #.......#
#..###... ####.......#
#........ ...........#
#........ ...........#
#........
..........^####........
.......WY......).......
........J.....)).......
####........YYY).......
#.....J...YW).......
#.......####........
#.......# #.W......
#.......# #.{...[..
#.......# +........
+.......# #........


You could see a titanic slime creature, a slime creature, 5 yaks and a shadow
(invisible).

Vanquished Creatures
  A hydra (Lair:5)
  2 catoblepae (Lair:5)
  A boulder beetle (Lair:3)
  17 death yaks
  A hell hog (Volcano)
  A skyshark (Lair:4)
  A fire crab (Volcano)
  Lodul (D:10)
  Pikel (D:5)
  25 elephants
  2 black mambas
  Maurice (D:8)
  2 molten gargoyles (Volcano)
  10 cane toads
  A torpor snail (Lair:4)
  An unseen horror (D:10)
  Jeremiah (D:6)
  2 kobold demonologists (D:10)
  A rime drake (Lair:5)
  5 komodo dragons
  3 polar bears
  A troll (D:10)
  A blink frog (Lair:5)
  5 dream sheep
  2 wraiths
  A ynoxinul (Lair:5)
  47 yaks
  2 wyverns
  11 fire bats (Volcano)
  2 vampire mosquitoes (D:11)
  3 basilisks
  Grum (D:11)
  2 steam dragons
  8 water moccasins
  4 nagas (Lair:3)
  A hell hound (Volcano)
  A sky beast (D:6)
  An ice beast (D:5)
  3 orc warriors
  A black bear (D:7)
  8 ogres
  39 wolves
  7 centaurs (D:11)
  2 lemures (D:5)
  A phantom (D:4)
  A kobold brigand (D:10)
  8 bullfrogs
  Blork the orc (D:5)
  A gnoll sergeant (D:9)
  2 small abominations (Lair:5)
  3 scorpions
  12 wights
  4 killer bees (D:10)
  7 howler monkeys
  An electric eel (Lair:2)
  5 lava snakes (Volcano)
  A hound (D:6)
  2 jellies
  An iron imp (D:4)
  7 orc priests
  A hell rat (Lair:3)
  2 iguanas
  4 orc wizards
  3 sleepcaps
  4 gnolls (D:9)
  5 adders
  7 river rats (Lair:3)
  A shadow imp (D:6)
  A white imp (D:7)
  An ufetubus (D:6)
  3 worms
  2 dart slugs
  21 orcs
  3 ball pythons
  4 endoplasms
  3 giant cockroaches
  10 goblins
  2 hobgoblins
  4 jackals (D:2)
  6 kobolds
  5 quokkas
  7 bats
  3 frilled lizards
  9 rats
401 creatures vanquished.

Vanquished Creatures (others)
  A rime drake (Lair:5)
1 creature vanquished.

Grand Total: 402 creatures vanquished

Notes
Turn   | Place    | Note
-------+----------+-------------------------------------------
     0 | D:1      | Monkooky the Gnoll Shapeshifter began the quest for the
                  | Orb.
     0 | D:1      | Reached XP level 1. HP: 17/17 MP: 1/1
   196 | D:1      | Reached XP level 2. HP: 16/23 MP: 2/2
   713 | D:2      | Found Afeawnec's Distillery.
   723 | D:2      | Bought a potion of curing for 42 gold pieces
   826 | D:2      | Reached XP level 3. HP: 26/28 MP: 3/3
   901 | D:2      | Reached skill level 1 in Invocations
   996 | D:2      | Found a broken altar of Ashenzari.
  1004 | D:2      | Became a worshipper of Ashenzari the Shackled
  1025 | D:2      | Reached skill level 1 in Short Blades
  1025 | D:2      | Reached skill level 1 in Long Blades
  1025 | D:2      | Reached skill level 1 in Axes
  1025 | D:2      | Reached skill level 1 in Maces & Flails
  1025 | D:2      | Reached skill level 1 in Polearms
  1025 | D:2      | Reached skill level 1 in Staves
  1025 | D:2      | Reached skill level 1 in Ranged Weapons
  1025 | D:2      | Reached skill level 1 in Throwing
  1025 | D:2      | Reached skill level 1 in Armour
  1025 | D:2      | Reached skill level 1 in Stealth
  1025 | D:2      | Reached skill level 1 in Shields
  1025 | D:2      | Reached skill level 1 in Spellcasting
  1025 | D:2      | Reached skill level 1 in Evocations
  1342 | D:3      | Reached XP level 4. HP: 32/34 MP: 5/5
  1416 | D:3      | Found a hazy altar of Hepliaklqana.
  1511 | D:3      | Found a faded altar of an unknown god.
  1534 | D:3      | Found Zerhaluf's Magic Scroll Boutique.
  1583 | D:3      | Found a burning altar of Makhleb.
  1585 | D:3      | Noticed a cacodemon
  1716 | D:2      | Bought a potion of heal wounds for 70 gold pieces
  1805 | D:3      | Found an iron altar of Okawaru.
  1984 | D:4      | Reached skill level 1 in Conjurations
  1984 | D:4      | Reached skill level 1 in Hexes
  1984 | D:4      | Reached skill level 1 in Summonings
  1984 | D:4      | Reached skill level 1 in Necromancy
  1984 | D:4      | Reached skill level 1 in Translocations
  1984 | D:4      | Reached skill level 1 in Transmutations
  1984 | D:4      | Reached skill level 1 in Fire Magic
  1984 | D:4      | Reached skill level 1 in Ice Magic
  1984 | D:4      | Reached skill level 1 in Air Magic
  1984 | D:4      | Reached skill level 1 in Earth Magic
  1984 | D:4      | Reached skill level 1 in Poison Magic
  1984 | D:4      | Noticed a phantom
  1995 | D:4      | Killed a phantom
  1996 | D:4      | Reached XP level 5. HP: 39/41 MP: 7/7
  2016 | D:4      | Found a bloodstained altar of Trog.
  2027 | D:4      | Found a blossoming altar of Fedhas.
  2070 | D:4      | Found a snail-covered altar of Cheibriados.
  2122 | D:4      | Found a staircase to the Ecumenical Temple.
  2144 | D:4      | Reached * piety under Ashenzari
  2246 | D:4      | Reached XP level 6. HP: 40/48 MP: 9/9
  2941 | D:4      | Found a glowing silver altar of Zin.
  2971 | D:5      | Entered Level 5 of the Dungeon
  3047 | D:5      | Reached skill level 5 in Dodging
  3149 | D:5      | Reached ** piety under Ashenzari
  3174 | D:5      | Noticed bahustanut's ghost (novice OpSh)
  3245 | D:5      | Noticed Pikel
  3267 | D:5      | Killed Pikel
  3268 | D:5      | Reached skill level 7 in Unarmed Combat
  3268 | D:5      | Reached XP level 7. HP: 45/54 MP: 9/11
  3268 | D:5      | Reached XP level 8. HP: 50/60 MP: 9/12
  3344 | D:5      | Noticed Blork the orc
  3371 | D:5      | Noticed a yak
  3372 | D:5      | Noticed a yak
  3382 | D:5      | Killed Blork the orc
  3382 | D:5      | Noticed a yak
  3386 | D:5      | Killed a yak
  3391 | D:5      | Killed a yak
  3393 | D:5      | Killed a yak
  3438 | D:5      | Found a transporter.
  3442 | D:5      | Found a transporter.
  4082 | D:6      | Noticed Jeremiah
  4123 | D:6      | Found Washryv's Self-Published Books.
  4245 | D:6      | Reached XP level 9. HP: 66/66 MP: 14/14
  4306 | D:6      | Found a sacrificial altar of Ru.
  4434 | D:6      | Killed Jeremiah
  4435 | D:6      | Reached skill level 5 in Fighting
  4788 | D:6      | Found a stormy altar of Qazlal.
  5210 | D:7      | Reached skill level 8 in Unarmed Combat
  5326 | D:7      | Reached skill level 5 in Invocations
  6017 | D:7      | Found a broken altar of Ashenzari.
  6112 | D:8      | Found a shadowy altar of Dithmenos.
  6544 | D:8      | Found a runed translucent door.
  6566 | D:8      | Reached XP level 10. HP: 75/75 MP: 17/17
  6683 | D:8      | Noticed a centaur warrior
  6685 | D:8      | Noticed a manticore
  6719 | D:8      | Noticed Maurice
  6732 | D:8      | Killed Maurice
  6733 | D:8      | Reached skill level 5 in Short Blades
  6733 | D:8      | Reached skill level 5 in Long Blades
  6733 | D:8      | Reached skill level 5 in Axes
  6733 | D:8      | Reached skill level 5 in Maces & Flails
  6733 | D:8      | Reached skill level 5 in Polearms
  6733 | D:8      | Reached skill level 5 in Staves
  6733 | D:8      | Reached skill level 5 in Ranged Weapons
  6733 | D:8      | Reached skill level 5 in Throwing
  6733 | D:8      | Reached skill level 5 in Armour
  6733 | D:8      | Reached skill level 5 in Stealth
  6733 | D:8      | Reached skill level 5 in Shields
  6733 | D:8      | Reached skill level 5 in Spellcasting
  6733 | D:8      | Reached skill level 5 in Evocations
  6740 | D:8      | Identified the cursed +0 chain mail of the Revealing
                  | Planets {Elem, Self} (You found it on level 1 of the
                  | Dungeon)
  6876 | D:9      | Reached *** piety under Ashenzari
  7216 | D:9      | Found a staircase to the Lair.
  7594 | D:9      | Identified the cursed +0 sling of Supernal Gnosis {Bglg,
                  | Melee} (You found it on level 3 of the Dungeon)
  7594 | D:9      | Identified the cursed +0 cloak "Tethered Disgust" {Cun,
                  | Self} (You took it off Maurice on level 8 of the Dungeon)
  7600 | D:9      | Reached **** piety under Ashenzari
  7687 | D:10     | Entered Level 10 of the Dungeon
  7689 | D:10     | Found Omuhicam's Armour Emporium.
  7703 | D:10     | Bought a +0 cloak of preservation for 172 gold pieces
  7703 | D:10     | Bought a +0 helmet for 67 gold pieces
  7860 | D:2      | Bought a potion of curing for 42 gold pieces
  7860 | D:2      | Bought a potion of curing for 42 gold pieces
  7860 | D:2      | Bought a potion of might for 56 gold pieces
  7876 | D:3      | Bought a scroll of immolation for 48 gold pieces
  8058 | Lair:1   | Entered Level 1 of the Lair of Beasts
  8129 | Lair:1   | Noticed a death yak
  8129 | Lair:1   | Noticed a death yak
  8198 | D:10     | Noticed a kobold demonologist
  8200 | D:10     | Noticed a kobold demonologist
  8202 | D:10     | Killed a kobold demonologist
  8206 | D:10     | Killed a kobold demonologist
  8452 | D:10     | Noticed Lodul
  8472 | D:10     | Killed Lodul
  8474 | D:10     | Reached XP level 11. HP: 50/83 MP: 19/19
  8531 | D:9      | Identified the cursed +0 buckler "Omniscient Sybil" {Cun,
                  | Fort} (You found it on level 6 of the Dungeon)
  8639 | D:10     | Reached skill level 9 in Unarmed Combat
  8838 | D:10     | Reached skill level 5 in Conjurations
  8838 | D:10     | Reached skill level 5 in Hexes
  8838 | D:10     | Reached skill level 5 in Summonings
  8838 | D:10     | Reached skill level 5 in Necromancy
  8838 | D:10     | Reached skill level 5 in Translocations
  8838 | D:10     | Reached skill level 5 in Transmutations
  8838 | D:10     | Reached skill level 5 in Fire Magic
  8838 | D:10     | Reached skill level 5 in Ice Magic
  8838 | D:10     | Reached skill level 5 in Air Magic
  8838 | D:10     | Reached skill level 5 in Earth Magic
  8838 | D:10     | Reached skill level 5 in Poison Magic
  9224 | D:10     | Found Qexept Inaet's Book Shoppe.
  9280 | D:10     | Found Anninotai's Magic Scroll Emporium.
  9370 | D:10     | Noticed a two-headed ogre
  9372 | D:10     | a two-headed ogre changed into a dream sheep
 10458 | Lair:1   | Noticed a death yak
 10459 | Lair:1   | Noticed a death yak
 10467 | Lair:1   | Noticed a death yak
 10474 | Lair:1   | Killed a death yak
 10476 | Lair:1   | Noticed a death yak
 10480 | Lair:1   | Killed a death yak
 10484 | Lair:1   | Killed a death yak
 10485 | Lair:1   | Reached XP level 12. HP: 58/91 MP: 22/22
 10492 | Lair:1   | Killed a death yak
 10494 | Lair:1   | Killed a death yak
 10545 | Lair:1   | Killed a death yak
 11629 | Lair:2   | Noticed a six-headed hydra
 11651 | Lair:2   | Reached skill level 10 in Unarmed Combat
 12203 | Lair:3   | Found a staircase to the Snake Pit.
 12265 | Lair:3   | Noticed a boulder beetle
 12291 | Snake:1  | Entered Level 1 of the Snake Pit
 12411 | Lair:3   | Killed a boulder beetle
 12511 | Lair:3   | Found a dark tunnel.
 12520 | Volcano  | Entered a volcano
 12979 | Volcano  | Found a burning altar of Makhleb.
 12979 | Volcano  | Noticed a hell hog
 12985 | Volcano  | Killed a hell hog
 13066 | Volcano  | Reached XP level 13. HP: 86/99 MP: 24/24
 13097 | Volcano  | Identified a scroll of acquirement
 13750 | Lair:3   | Reached skill level 10 in Shapeshifting
 14626 | Lair:4   | Learned a level 4 spell: Passage of Golubria
 14635 | Lair:4   | Learned a level 4 spell: Olgreb's Toxic Radiance
 14639 | Lair:4   | Learned a level 3 spell: Mephitic Cloud
 14645 | Lair:4   | Learned a level 5 spell: Yara's Violent Unravelling
 14947 | Lair:4   | Reached skill level 10 in Dodging
 14947 | Lair:4   | Reached skill level 11 in Unarmed Combat
 15159 | Lair:4   | Acquired 613 gold pieces
 15253 | Lair:4   | Reached XP level 14. HP: 108/108 MP: 13/27
 15402 | Lair:4   | Learned a level 3 spell: Ignite Poison
 15665 | Lair:4   | Found a viscous altar of Jiyva.
 15666 | Lair:4   | Found a staircase to the Slime Pits.
 15758 | Lair:5   | Entered Level 5 of the Lair of Beasts
 16016 | Lair:5   | Reached skill level 10 in Invocations
 16282 | Lair:5   | Identified the +3 spear "Dali" {chaos, Str+2}
 17999 | D:11     | Noticed Grum
 18006 | D:11     | Killed Grum
 18100 | D:11     | Found a runed translucent door.
 18108 | D:11     | Found a runed translucent door.
 18108 | D:11     | Noticed a storm dragon
 18108 | D:11     | Found the +5 Storm Queen's Shield {shock, Fly rElec}
 18109 | D:11     | Found a runed translucent door.
 18133 | D:11     | Found a runed translucent door.
 18221 | D:11     | Annihilated by a titanic slime creature

Illustrated notes

Levels and vault maps discovered:
D:1:      psy_arrival_fountain, layout_basic, kennysheep_flooded_box
D:2:      layout_rooms, serial_shops, shop, basic_altar, patterned_corridor
D:3:      layout_rooms, kennysheep_okawaru_gauntlet,
          mainiacjoe_overflow_alcove_4, makhleb_altar_promises_db,
          hellmonk_ecumenical_altar_leap_of_faith, serial_shops, shop,
          dreamdust_princess_bridge
D:4:      layout_layer_cave, zin_treasury, slow_altar_1,
          mainiacjoe_overflow_catwalk_spiral, minmay_temple_entry_gardened_gates
D:5:      layout_basic, gammafunk_ghost_hive, uniq_pikel, uniq_blork_the_orc
D:6:      layout_loops_ring, nicolae_ru_awakened_eye,
          nicolae_qazlal_style_of_elements, nicolae_custom_books, uniq_jeremiah
D:7:      layout_cave_pods, marbit_many_paths, minmay_misc_feat_tiny,
          roderic_lattice_a, minmay_misc_feat_secret_circle,
          grunt_decor_fettered, hangedman_decor_peaks_small, solitary_fountain
D:8:      layout_gridville, nicolae_dithmenos_shadow_blocks, serial_glass,
          glass_columns_a, glass_columns_a, item_on_display_b, wad_hexagon,
          uniq_maurice
D:9:      layout_long_grid, lair_entry_dummy, nicolae_figureground_pulse
D:10:     layout_grid_maze, serial_shops, nicolae_shop_scrapyard,
          kennysheep_mini, nicolae_shop_tiny_statue_garden, st_stairs_1,
          uniq_lodul
D:11:     layout_gridville, orc_0_dummy, nicolae_guarded_unrand_storm_shield,
          uniq_grum, uniq_nergalle
Lair:1:   layout_long_grid, grunt_megastairs_1
Lair:2:   layout_misc_corridors, palyth_hydra_swamp_entry,
          serial_bayou_lagoon_b, serial_bayou_shore_a
Lair:3:   layout_chaotic_city, minmay_snake_entry_guardpost_large,
          enter_volcano_1, kennysheep_rathole, infiniplex_staircase_pool
Lair:4:   layout_regular_city, dpeg_slime_entry_corner,
          dreamdust_deal_with_the_devil, nicolae_lair_grazing_beasts
          [nicolae_sub_lair_graze_edge, nicolae_sub_lair_graze_edge,
          nicolae_sub_lair_graze_edge, nicolae_sub_lair_graze_edge]
Lair:5:   hellmonk_lair_end_abyssal_woods, layout_long_grid,
          serial_bayou_crossing, grunt_megastairs_5,
          infiniplex_staircase_pool_2, serial_bayou_shore_b
Snake:1:  layout_grid_maze, ebering_ghost_gozag, uniq_donald

Skill      XL: |  1  2  3  4  5  6  7  8  9 10 11 12 13 14 |
---------------+-------------------------------------------+-----
Invocations    | 1 2 3 4 5 6 7 8 9 10 | 10.4
Short Blades   | 1 2 3 4 5 7 9 |  9.5
Long Blades    | 1 2 3 4 5 7 9 |  9.5
Axes           | 1 2 3 4 5 7 9 |  9.5
Maces & Flails | 1 2 3 4 5 7 9 |  9.5
Polearms       | 1 2 3 4 5 7 9 |  9.5
Staves         | 1 2 3 4 5 7 9 |  9.5
Ranged Weapons | 1 2 3 4 5 7 9 |  9.5
Throwing       | 1 2 3 4 5 7 9 |  9.5
Armour         | 1 2 3 4 5 7 9 |  9.5
Stealth        | 1 2 3 4 5 7 9 |  9.5
Shields        | 1 2 3 4 5 7 9 |  9.5
Spellcasting   | 1 2 3 4 5 7 9 |  9.5
Evocations     | 1 2 3 4 5 7 9 |  9.5
Conjurations   | 1 2 3 4 5 6 7 8 |  8.0
Hexes          | 1 2 3 4 5 6 7 8 |  8.0
Summonings     | 1 2 3 4 5 6 7 8 |  8.0
Necromancy     | 1 2 3 4 5 6 7 8 |  8.0
Translocations | 1 2 3 4 5 6 7 8 |  8.0
Transmutations | 1 2 3 4 5 6 7 8 |  8.0
Fire Magic     | 1 2 3 4 5 6 7 8 |  8.0
Ice Magic      | 1 2 3 4 5 6 7 8 |  8.0
Air Magic      | 1 2 3 4 5 6 7 8 |  8.0
Earth Magic    | 1 2 3 4 5 6 7 8 |  8.0
Poison Magic   | 1 2 3 4 5 6 7 8 |  8.0
Fighting       | 3 4 5 6 7 8 9 |  9.9
Dodging        | 5 6 7 8 9 10 | 10.6
Unarmed Combat | 7 8 9 10 11 | 11.5
Shapeshifting  | 7 8 9 10 | 10.9

Action                     |  1- 3 |  4- 6 |  7- 9 | 10-12 | 13-15 || total
---------------------------+-------+-------+-------+-------+-------++-------
  Melee: Unarmed           |   107 |    94 |   116 |   378 |    21 ||   716
         Bite              |    10 |    16 |       |       |    53 ||    79
         Constrict         |       |     3 |    26 |    89 |     3 ||   121
         Lajatang          |       |       |       |       |   268 ||   268
         Maw               |       |       |       |       |   119 ||   119
   Fire: Sling             |       |    12 |       |       |       ||    12
   Cast: Olgreb's Toxic Ra |       |       |       |       |    32 ||    32
         Mephitic Cloud    |       |       |       |       |     9 ||     9
         Yara's Violent Un |       |       |       |       |     1 ||     1
         Ignite Poison     |       |       |       |       |    14 ||    14
         Passage of Golubr |       |       |       |       |     2 ||     2
 Invoke: Curse Item        |       |     3 |       |     4 |     1 ||     8
         Shatter the Chain |       |       |       |       |     3 ||     3
  Evoke: Wand              |       |       |       |     5 |     2 ||     7
    Use: Potion            |       |       |       |     6 |       ||     6
         Scroll            |       |       |       |     1 |     8 ||     9
   Stab: Sleeping          |       |       |     7 |     2 |     4 ||    13
         Distracted        |       |       |       |     2 |     1 ||     3
         Petrifying        |       |       |       |       |     1 ||     1
 Armour: Animal skin       |    18 |       |       |       |       ||    18
         Chain mail        |    49 |    63 |       |       |       ||   112
         Skin              |       |     3 |    47 |   264 |   185 ||   499
  Dodge: Dodged            |    37 |    31 |    35 |   186 |   225 ||   514
   Form: Flux              |     1 |     1 |       |       |       ||     2
                           |       |     1 |       |     4 |       ||     5
         Anaconda          |       |     1 |       |     5 |     1 ||     7
         Maw               |       |       |       |     1 |     2 ||     3

Table legend: (Time is in decaauts)
 A = Elapsed time spent in this place.
 B = Non-inter-level travel time spent in this place.
 C = Inter-level travel time spent in this place.
 D = Time resting spent in this place.
 E = Time spent auto-exploring this place.
 F = Levels seen in this place.
 G = Mean time per level.
                   A        B        C        D        E       F      G
               +--------+--------+--------+--------+--------+-----+--------+
         Total |  18138 |  17005 |   1133 |   2404 |  11478 |  18 | 1007.7 |
       Dungeon |   9865 |   8995 |    870 |    367 |   7180 |  11 |  896.8 |
          Lair |   7517 |   7254 |    263 |   1491 |   4298 |   5 | 1503.4 |
     Snake Pit |    113 |    113 |      0 |    110 |      0 |   1 |  113.0 |
       Volcano |    641 |    641 |      0 |    436 |      0 |   1 |  641.0 |
               +--------+--------+--------+--------+--------+-----+--------+

Top non-repeatable levels by time:
  Lair:5: 1856 daAuts
  Lair:1: 1821 daAuts
  Lair:4: 1785 daAuts
    D:10: 1410 daAuts
  Lair:3: 1333 daAuts
     D:5: 1325 daAuts
     D:9: 1086 daAuts
     D:4: 1076 daAuts
     D:7: 1059 daAuts
     D:6: 813 daAuts
     D:8: 808 daAuts
     D:3: 755 daAuts
  Lair:2: 720 daAuts
     D:1: 691 daAuts
 Volcano: 641 daAuts
